 Dungeon Crawl Stone Soup version 0.31-a0-1074-g0b22e4e0f1 (webtiles) character file.

Game seed: 1048813951410405176

1441299 backslashecho the Eclecticist (level 24, 178/182 HPs)
             Began as a Mummy Necromancer on Dec 8, 2023.
             Was the Champion of Vehumet.
             Escaped with the Orb
             ... and 3 runes on Dec 9, 2023!
             The game lasted 05:54:00 (87413 turns).

backslashecho the Eclecticist (Mummy Necromancer)  Turns: 87413, Time: 05:54:00

Health: 178/182    AC: 37    Str: 12    XL:     24   Next: 64%
Magic:  47/47      EV:  8    Int: 37    God:    Vehumet [******]
Gold:   4386       SH: 15    Dex: 14    Spells: 2/63 levels left

rFire   + + +        a - +3 Elemental Staff {ele, rElec rF+ rC+ AC+3}
rCold   + . .        M - +2 kite shield {reflect}
rNeg    + + +        A - +8 fire dragon scales
rPois   ∞            c - +3 crown of Dyrovepreva {rElec Int+2 SInv}
rElec   +            j - +2 cloak {rCorr}
rCorr   +            D - +2 pair of gloves
SInv    +            g - +1 pair of boots "Bipuipsa" {rPois rF+}
Will    +++..        N - amulet of magic regeneration Stlth
                     q - +6 ring of intelligence
HPRegen 0.50/turn    x - +6 ring of intelligence
MPRegen 0.70/turn

%: reflection, faith
@: studying 2 skills
A: cold resistance 1, negative energy resistance 3, torment resistance 2, heat
vulnerability 1, in touch with death 2, no potions, faith
0: Orb of Zot
}: 3/15 runes: barnacled, slimy, gossamer
a: Renounce Religion


You escaped.
You worshipped Vehumet.
Vehumet was exalted by your worship.
You visited 11 branches of the dungeon, and saw 52 of its levels.
You visited 2 bazaars.
You also visited: Ice Cave.

You collected 8711 gold pieces.
You spent 4325 gold pieces at shops.

Inventory:

Hand Weapons
 a - the +3 Elemental Staff (weapon) {ele, rElec rF+ rC+ AC+3}
   (You found it on level 10 of the Dungeon)

   AC+3:      It affects your AC (+3).
   rF+:       It protects you from fire.
   rC+:       It protects you from cold.
   rElec:     It insulates you from electricity.
 b - a +2 short sword of electrocution
Missiles
 o - 61 poisoned darts
 K - 8 throwing nets
 O - 7 curare-tipped darts
Armour
 c - the +3 crown of Dyrovepreva (worn) {rElec Int+2 SInv}
   (You found it on level 3 of the Depths)

   Int+2:     It affects your intelligence (+2).
   rElec:     It insulates you from electricity.
   SInv:      It lets you see invisible.
 g - the +1 pair of boots "Bipuipsa" (worn) {rPois rF+}
   (You bought it in a shop in a bazaar)

   rF+:       It protects you from fire.
   rPois:     It protects you from poison
 j - a +2 cloak of preservation (worn)
 A - +8 fire dragon scales (worn)
 D - a +2 pair of gloves (worn)
 M - a +2 kite shield of reflection (worn)
Jewellery
 f - a ring of protection from fire
 k - a ring of flight
 m - a ring of protection from cold
 q - a +6 ring of intelligence (left hand)
 x - a +6 ring of intelligence (right hand)
 J - the ring "Cismeozi" {Fly rF- Will++ MP+9 Dex+6}
   (You took it off a tengu warrior on level 15 of the Dungeon)

   [ring of dexterity]

   Dex+6:     It affects your dexterity (+6).
   rF-:       It makes you vulnerable to fire.
   Will++:    It greatly increases your willpower.
   MP+9:      It affects your magic capacity (+9).
   Fly:       It grants you flight.
 N - an amulet of magic regeneration (around neck)
Wands
 p - a wand of flame (121)
 y - a wand of polymorph (43)
 E - a wand of charming (52)
 I - a wand of digging (2)
 P - a wand of acid (1)
 Q - a wand of mindburst (21)
 S - a wand of roots (7)
Scrolls
 d - 15 scrolls of teleportation
 h - 8 scrolls of poison
 i - 14 scrolls of vulnerability
 l - a scroll of revelation
 n - 3 scrolls of amnesia
 r - 4 scrolls of noise
 s - 5 scrolls of blinking
 u - 4 scrolls of immolation
 z - 7 scrolls of silence
 B - a scroll of torment
 F - 4 scrolls of fog
 G - 6 scrolls of summoning
 R - 2 scrolls of fear
Miscellaneous
 v - a phantom mirror
 L - a tin of tremorstones (2/2)


   Skills:
 - Level 13.0 Fighting
 - Level 2.0 Short Blades
 - Level 12.0 Staves
 * Level 14.7 Armour
 - Level 1.5 Dodging
 - Level 1.5 Stealth
 - Level 15.0 Shields
 - Level 20.0 Spellcasting
 - Level 9.1 Conjurations
 - Level 2.0 Hexes
 - Level 8.0 Necromancy
 - Level 5.0 Translocations
 - Level 5.0 Transmutations
 - Level 18.0 Fire Magic
 - Level 5.5 Air Magic
 - Level 15.0 Earth Magic
 - Level 3.0 Poison Magic
 - Level 13.7 Evocations


You had 2 spell levels left.
You knew the following spells:

 Your Spells              Type           Power      Damage    Failure   Level
a - Stone Arrow           Conj/Erth      100%       3d13      1%          3
b - Blink                 Tloc           100%       N/A       1%          2
c - Iskenderun's Mystic   Conj/Tloc      74%        2d15      1%          4
d - Borgnjor's Vile Clut  Necr/Erth      80%        N/A       1%          5
e - Olgreb's Toxic Radia  Pois           56%        N/A       4%          4
f - Bombard               Conj/Erth      56%        9d9       1%          6
g - Plasma Beam           Fire/Air       68%        2x1d84    2%          6
h - Yara's Violent Unrav  Hex/Tmut       29%        3d12      11%         5
i - Ignition              Fire           65%        3d17      7%          8
j - Vampiric Draining     Necr           100%       2d13      1%          3
l - Poisonous Vapours     Pois/Air       100%       N/A       1%          2
n - Passwall              Tmut/Erth      87%        N/A       1%          2
r - Starburst             Conj/Fire      58%        6d16      1%          6
x - Irradiate             Conj/Tmut      37%        3d24      2%          5

Your spell library contained the following spells:

 Spells                   Type           Power      Damage    Failure   Level
 Maxwell's Capacitive Co  Air            43%        ∞         100%        8
 Foxfire                  Conj/Fire      100%       2x1d9     0%          1
 Sandblast                Erth           100%       2d20      0%          1
 Kiss of Death            Conj/Necr      100%       2d13      1%          1
 Magic Dart               Conj           100%       1d8       1%          1
 Necrotise                Necr           100%       1d9       1%          1
 Shock                    Conj/Air       100%       1d9       1%          1
 Cigotuvi's Dreadful Rot  Necr/Pois/Air  100%       N/A       1%          2
 Lesser Beckoning         Tloc           100%       N/A       1%          2
 Momentum Strike          Conj/Tloc      100%       3d10      1%          2
 Searing Ray              Conj           100%       2d8       1%          2
 Static Discharge         Conj/Air       100%       3-8/arc   1%          2
 Jinxbite                 Hex            100%       N/A       4%          2
 Ensorcelled Hibernation  Hex/Ice        100%       N/A       6%          2
 Dazzling Flash           Conj/Hex       100%       N/A       1%          3
 Hailstorm                Conj/Ice       82%        3d17      1%          3
 Ignite Poison            Fire/Tmut/Pois 100%       N/A       1%          3
 Swiftness                Air            87%        N/A       1%          3
 Airstrike                Air            43%        2d(7-23)  1%          4
 Flame Wave               Conj/Fire      100%       2d21      1%          4
 Fulminant Prism          Conj/Hex       34%        3d15      1%          4
 Leda's Liquefaction      Hex/Erth       49%        N/A       1%          4
 Petrify                  Tmut/Erth      100%       N/A       1%          4
 Sticky Flame             Conj/Fire      100%       2d11      1%          4
 Fireball                 Conj/Fire      58%        3d22      1%          5
 Lee's Rapid Deconstruct  Erth           61%        3d28*     1%          5
 Gell's Gravitas          Tloc           65%        N/A       2%          3
 Teleport Other           Tloc           65%        N/A       2%          3
 Animate Armour           Summ/Erth      100%       N/A       2%          4
 Animate Dead             Necr           100%       N/A       2%          4
 Dispel Undead            Necr           100%       3d31      2%          4
 Arcjolt                  Conj/Air       47%        1d57      2%          5
 Agony                    Necr           100%       N/A       6%          5
 Freezing Cloud           Conj/Ice/Air   52%        6-21      6%          5
 Confusing Touch          Hex            51%        N/A       8%          3
 Tukima's Dance           Hex            51%        N/A       8%          3
 Anguish                  Hex/Necr       52%        N/A       8%          4
 Passage of Golubria      Tloc           65%        N/A       8%          4
 Conjure Ball Lightning   Conj/Air       47%        3x3d16    12%         6
 Dimensional Bullseye     Hex/Tloc       29%        N/A       14%         4
 Call Canine Familiar     Summ           37%        N/A       19%         3
 Ozocubu's Armour         Ice            53%        N/A       19%         3
 Summon Lightning Spire   Summ/Air       72%        N/A       19%         4
 Cause Fear               Hex            25%        N/A       26%         4
 Silence                  Hex/Air        39%        N/A       34%         5
 Death Channel            Necr           60%        N/A       34%         6
 Summon Ice Beast         Ice/Summ       53%        N/A       52%         4
 Lehudib's Crystal Spear  Conj/Erth      56%        10d13     54%         8
 Metabolic Englaciation   Hex/Ice        30%        N/A       73%         5
 Dispersal                Tloc           32%        N/A       75%         6
 Simulacrum               Ice/Necr       61%        N/A       87%         6
 Shatter                  Erth           61%        3d45*     95%         9
 Fire Storm               Conj/Fire      58%        8d15      99%         9
 Ozocubu's Refrigeration  Ice            26%        4d13      100%        7
 Chain Lightning          Conj/Air       47%        3d63      100%        9
 Dragon's Call            Summ           18%        N/A       100%        9
 Polar Vortex             Ice            26%        12d3*     100%        9
 Wereblood                Tmut           Unusable   N/A       N/A         2

Dungeon Overview and Level Annotations

Branches:
Dungeon (15/15)            Temple (1/1) D:5            Lair (5/5) D:9
 Shoals (4/4) Lair:3       Spider (4/4) Lair:3        Slime (5/5) Lair:5
    Orc (2/2) D:12            Elf (3/3) Orc:2        Vaults (4/5) D:13
  Crypt (0/3) Vaults:2     Depths (4/4) D:15            Zot (5/5) Depths:4
  IceCv (visited)

Altars:
Ashenzari
Cheibriados
Dithmenos
Fedhas
Gozag
Hepliaklqana
Kikubaaqudgha
Makhleb
Nemelex Xobeh
Okawaru
Qazlal
Ru
Sif Muna
Trog
Uskayaw
Vehumet
Wu Jian
Xom
Yredelemnul
Jiyva

Shops:
D:5 *?((   D:6 **   Orc:2 *(?(   Elf:2 :   Elf:3 !   Shoals:4 (   Vaults:1 !
Vaults:3 [[   Depths:2 *

Portals:
Hell: Depths:1 Depths:2 Depths:3 Depths:4
Abyss: Depths:1 Depths:3
Pandemonium: Depths:2 Depths:4
Ziggurat: Depths:3

Annotations:
D:6 1 runed translucent door, exclusion: door, Sigmund; kd29's ghost, novice DrSh
D:7 Jeremiah
Lair:3 1 runed translucent door, exclusion: door, Loin Jupepn's ghost, journeyman OgGl
Lair:5
Hell Entrance, exclusion: door
Shoals:1 exclusion: kraken
Elf:1 2 transporters, Heg Cuhi's ghost, adept MiFi
Elf:2 3 runed translucent doors, exclusion: 3 doors
Depths:1 4 transporters, 1 exclusion
Depths:2 exclusion: downstairs
Zot:5 1 exclusion


Innate Abilities, Weirdness & Mutations

You are immune to poison.
Your flesh is cold resistant. (rC+)
You are immune to negative energy. (rN+++)
You are immune to unholy pain and torment.
You are vulnerable to heat. (rF-)
You are strongly in touch with the powers of death.
You do not drink.
You have a special connection with the divine. (Faith)


Message History

Vehumet accepts your kill.
You feel your power returning.
The fiery plasma misses the demonspawn black sun.
You now have 39/47 mp.
You feel a strong surge of power!
The bolt of lightning hits the demonspawn black sun!!!
You kill the demonspawn black sun!
Vehumet accepts your kill.
You feel your power returning.
You now have 38/47 mp.
There is a stone staircase leading up here.
You climb upwards.
There is a stone staircase leading down here.
Magic restored.
You see here a +0 giant club.
There is a stone staircase leading up here.
You climb upwards.
There is a stone staircase leading down here.
There is a stone staircase leading up here.
You climb upwards.
There is a stone staircase leading down here.
An Orb Guardian comes into view.
MP restored: 47 The Orb Guardian hits you!!
There is a stone staircase leading up here.
You take 25 damage, and have 157/182 hp.
Casting: Plasma Beam (mildly dangerous; 2% risk of failure)
Confirm with . or Enter, or press ? or * to list all spells.
You erupt in a fountain of uncontrolled magic!
The Orb Guardian is blasted with magical radiation!!!
The Orb Guardian is heavily wounded.
You are very lightly contaminated with residual magic.
You block the Orb Guardian's attack.
You now have 43/47 mp.
You feel a strong surge of power!
The bolt of lightning hits the Orb Guardian!!!
You kill the Orb Guardian!
Vehumet accepts your kill.
You feel your power returning.
You now have 42/47 mp.
You climb upwards.
There is a stone staircase leading down here.
There is an open door here.
Magic restored.
There is an open door here.
Your magical contamination has completely faded away.
There is a staircase leading out of the dungeon here.
You regained 20 hp, and now have 178/182 hp.
MP restored: 47 You have escaped!

####.#.#>#.#.#.##
#....#.###.#.#..##
#.##....#....#.#.##
#.##...###....###.## #.##.###
###.#...#.######### #.##..##
##.#...##........# #.##.#.#
##>.#...#.#######.# #....>##
#.#..###.#####..... ######..##
##@.#.#.## #...##.# #.......###
###.#..#####...##.#
#.####....###......###........# #
#.# ##!....#........##......... #
#.# #...#.###.#......#.......##
###.###...#.#>#.#.......##.....##
........................+........
###!.......####.........###.....#
# #####.#.## ##.......## #.#.#.#


There were no monsters in sight!

Vanquished Creatures
  the Royal Jelly (Slime:5)
  4 orbs of fire
  A juggernaut (Depths:3)
  Mara (Depths:2)
  6 Killer Klowns
  Parghit (Zot:3)
  4 caustic shrikes
  3 curse toes
  Nikola (Elf:1)
  4 golden dragons
  A bone dragon (Depths:4)
  Norris (Elf:1)
  Arachne (Spider:2)
  A Tzitzimitl (D:12)
  A Brimstone Fiend (Depths:4)
  2 doom hounds (Depths:4)
  An electric golem (Zot:5)
  Mlioglotl (Spider:1)
  Rupert (D:14)
  Jorgrun (Elf:1)
  2 Ice Fiends
  A walking crystal tome (Depths:3)
  Zenata (Elf:1)
  23 Orb Guardians
  12 tentacled monstrosities
  2 deep elf blademasters (Elf:3)
  3 liches
  15 acid blobs
  2 quicksilver dragons
  3 titans
  7 sphinxes
  2 deep elf master archers (Elf:3)
  8 death cobs
  2 krakens (Shoals:3)
  Grunn (Depths:4)
  Frances (D:12)
  Aizul (Spider:2)
  2 tengu reavers
  Donald (Spider:1)
  4 draconian knights
  7 storm dragons
  12 rockslimes
  A draconian monk (Zot:5)
  6 vault wardens
  9 azure jellies
  5 fire giants
  Ilsuiw (Shoals:3)
  9 frost giants
  A deep elf sorcerer (Elf:3)
  2 draconian scorchers
  8 deep elf elementalists
  2 balrugs
  5 emperor scorpions
  5 ghost moths
  3 war gargoyles
  5 draconian shifters
  2 draconian stormcallers
  A reaper (IceCv)
  13 ironbound preservers
  A draconian annihilator (Zot:3)
  4 broodmothers
  4 stone giants
  2 vampire knights
  5 quicksilver oozes
  18 very ugly things
  10 formless jellyfish
  7 ironbound thunderhulks
  6 green draconians
  Nessos (D:14)
  A demonspawn black sun (D:5)
  6 deep elf demonologists
  7 deep elf annihilators
  2 yellow draconians (Depths:4)
  4 purple draconians
  9 black draconians
  6 dire elephants
  7 red draconians
  5 spark wasps
  10 white draconians
  A crystal guardian (Vaults:3)
  3 ettins
  A blizzard demon (Depths:4)
  14 merfolk impalers
  Snorg (D:11)
  8 deep elf death magi
  7 fire dragons
  Josephine (D:13)
  7 merfolk javelineers
  7 entropy weavers
  Fannar (Orc:1)
  6 deep elf high priests
  5 great orbs of eyes
  6 ice dragons
  A salamander tyrant (Depths:4)
  2 vault guards
  12 yaktaur captains
  3 rakshasas
  4 peacekeepers
  7 hydras
  4 spriggan air magi
  7 ironbound frosthearts
  A catoblepas (D:8)
  3 alligator snapping turtles
  2 ogre magi
  2 merfolk avatars
  A hell beast (Depths:4)
  8 merfolk aquamancers
  A sphinx zombie (Depths:2)
  3 jorogumos
  5 centaur warriors
  3 radroaches
  17 dancing weapons
  7 two-headed ogres
  7 boulder beetles
  3 satyrs
  11 demonic crawlers
  8 death yaks
  8 deep troll earth magi
  5 orc high priests (Orc:2)
  10 tengu warriors
  4 deep troll shamans (Depths:2)
  5 spriggan berserkers
  A shock serpent (shapeshifter) (Vaults:3)
  A vampire mage (Depths:4)
  Nergalle (D:11)
  7 hell knights (Depths:1)
  7 sun demons
  A fire crab (Lair:5)
  A soul eater (D:5)
  10 deep elf knights
  5 iron trolls
  3 skeletal warriors
  8 skysharks
  A shadow wraith (D:13)
  A sixfirhy (Depths:2)
  4 sun moths (Spider:4)
  Lodul (D:13)
  A pharaoh ant (Spider:2)
  Amaemon (Lair:2)
  A death drake (shapeshifter) (Elf:2)
  48 deep trolls
  10 sea snakes
  9 orb spiders
  2 flayed ghosts (Depths:1)
  2 glowing orange brains
  10 deep elf archers
  9 ironbound convokers
  A shadow dragon zombie (Depths:2)
  7 arcanists
  10 lindwurms
  A phantasmal warrior (Vaults:3)
  A steelbarb worm (Spider:2)
  24 deep elf zephyrmancers
  A golden dragon skeleton (Depths:2)
  3 necromancers
  9 orc knights
  17 wolf spiders
  27 harpies
  An orc sorcerer (Orc:2)
  27 deep elf pyromancers
  22 manticores
  An oklob plant (Orc:2)
  A manticore (shapeshifter) (Depths:4)
  A fire giant zombie (Depths:2)
  3 shining eyes
  10 merfolk sirens
  7 cyclopes
  41 ugly things
  10 fauns
  19 moths of wrath
  Joseph (D:8)
  17 elephants
  10 water nymphs
  9 vault sentinels
  7 torpor snails
  4 black mambas
  2 ice statues (IceCv)
  A guardian serpent (shapeshifter) (D:15)
  An orange demon (Lair:2)
  2 gargoyles
  2 hellions
  10 rime drakes
  A storm dragon simulacrum (Depths:2)
  2 unseen horrors (D:11)
  12 cane toads
  5 ice devils (IceCv)
  A spark wasp simulacrum (Depths:2)
  23 yaktaurs
  6 tengu conjurers
  6 komodo dragons
  2 kobold demonologists (D:11)
  A rime drake (shapeshifter) (D:13)
  A tormentor (Depths:1)
  3 freezing wraiths
  7 polar bears
  42 merfolk
  3 trolls
  A tarantella (shapeshifter) (Elf:3)
  2 hornets
  26 blink frogs
  4 meliai
  7 wind drakes
  10 snapping turtles
  21 tarantellas
  3 dream sheep (Shoals:3)
  18 jumping spiders
  16 culicivoras
  28 water elementals
  75 slime creatures
  A spriggan skeleton (Depths:2)
  2 air elementals
  2 vampires
  10 wraiths
  42 yaks
  A ynoxinul (Zot:3)
  13 wyverns
  2 fire elementals (Elf:2)
  6 golden eyes (Slime:1)
  13 vampire mosquitoes
  A chaos spawn (Zot:5)
  3 death yak simulacra (IceCv)
  A steam dragon (D:8)
  7 basilisks
  41 redbacks
  Edmund (D:5)
  A glowing shapeshifter zombie (Depths:2)
  2 harpy simulacra (IceCv)
  A hell hound (Lair:5)
  2 acid dragons
  5 wargs
  24 water moccasins
  39 orc warriors
  3 sky beasts
  A black bear (D:5)
  23 ogres
  5 boggarts
  9 wolves
  14 centaurs
  2 kobold brigands
  Blork the orc (D:5)
  16 bullfrogs
  3 scorpions
  3 earth elementals
  A necrophage (D:7)
  A gnoll sergeant (D:7)
  A cane toad simulacrum (IceCv)
  5 wights (D:8)
  2 elephant simulacra (IceCv)
  7 howler monkeys
  2 electric eels
  2 gnoll boudas
  9 hounds
  5 jellies
  34 orc priests
  A sleepcap (D:6)
  3 iguanas
  15 orc wizards
  5 hell rats (Lair:5)
  A statue (D:14)
  6 troll simulacra (IceCv)
  2 spriggan simulacra (IceCv)
  A hound skeleton (D:7)
  Robin (D:1)
  12 gnolls
  2 adders (D:5)
  2 naga simulacra (IceCv)
  A shadow imp (D:7)
  2 white imps (IceCv)
  4 ufetubi
  4 worms
  5 dart slugs
  99 orcs
  8 ball pythons
  3 bats
  15 endoplasms
  4 giant cockroaches
  18 goblins
  6 hobgoblins
  3 jackals (D:1)
  19 kobolds
  5 quokkas
  2 frilled lizards
  2 rats
  A tentacle (Shoals:3)
1966 creatures vanquished.

Vanquished Creatures (collateral kills)
  A ghost moth (Spider:3)
  A dancing weapon (Elf:3)
  A demonic crawler (Spider:1)
  A wolf spider (Spider:1)
  A rime drake (Lair:5)
  A komodo dragon (Lair:5)
  3 blink frogs (Lair:5)
  A bullfrog (Lair:1)
  A goblin (D:2)
  A quokka (D:1)
  A rat (D:2)
  5 ball lightnings
18 creatures vanquished.

Vanquished Creatures (others)
  A deep elf zephyrmancer (Elf:2)
  A wolf spider (Spider:4)
  A polar bear (D:12)
  59 ball lightnings
  15 tentacles (Shoals:3)
77 creatures vanquished.

Grand Total: 2061 creatures vanquished

Notes
Turn   | Place    | Note
-------+----------+-------------------------------------------
     0 | D:1      | backslashecho the Mummy Necromancer began the quest for the
                  | Orb.
     0 | D:1      | Reached XP level 1. HP: 13/13 MP: 4/4
   101 | D:1      | Reached skill level 3 in Spellcasting
   280 | D:1      | Reached XP level 2. HP: 19/19 MP: 4/6
   709 | D:1      | Reached XP level 3. HP: 24/24 MP: 6/8
  1208 | D:2      | Noticed Robin
  1236 | D:1      | Killed Robin
  1336 | D:2      | Reached skill level 1 in Short Blades
  1441 | D:2      | Reached skill level 4 in Spellcasting
  1456 | D:2      | Reached XP level 4. HP: 30/30 MP: 6/10
  1582 | D:2      | Identified the +3 leather armour "Geoq" {rF+ rN+ Will+}
  1610 | D:2      | Found a faded altar of an unknown god.
  1706 | D:2      | Learned a level 3 spell: Vampiric Draining
  2142 | D:3      | Found a blossoming altar of Fedhas.
  2673 | D:4      | Noticed an ogre
  2792 | D:4      | Found a snail-covered altar of Cheibriados.
  2853 | D:4      | Noticed an ogre
  2861 | D:4      | Reached XP level 5. HP: 32/35 MP: 11/11
  2961 | D:4      | Noticed an ogre
  3086 | D:4      | Reached skill level 5 in Necromancy
  3148 | D:5      | Entered Level 5 of the Dungeon
  3158 | D:5      | Reached skill level 1 in Conjurations
  3351 | D:5      | Reached XP level 6. HP: 41/41 MP: 13/13
  3360 | D:5      | Reached skill level 5 in Spellcasting
  3600 | D:4      | Found an ornate altar of the Wu Jian Council.
  3600 | D:4      | Found a shimmering altar of Xom.
  3852 | D:4      | Reached XP level 7. HP: 46/46 MP: 8/15
  4388 | D:4      | Reached skill level 6 in Spellcasting
  4686 | D:5      | Found Meraaluusch's Magic Scroll Emporium.
  4702 | D:5      | Bought a scroll of teleportation for 39 gold pieces
  4780 | D:5      | Bought a scroll of identify for 26 gold pieces
  4871 | D:5      | Reached skill level 7 in Spellcasting
  4889 | D:5      | Found Eiko's Eclectic Emporium.
  4917 | D:5      | Noticed Edmund
  4939 | D:5      | Killed Edmund
  4940 | D:5      | Reached XP level 8. HP: 33/52 MP: 16/18
  5160 | D:5      | Found Xehigask's Antique Weapon Boutique.
  5329 | D:5      | Learned a level 3 spell: Stone Arrow
  5622 | D:5      | Found Razaif's Weapon Emporium.
  5685 | D:5      | Found a staircase to the Ecumenical Temple.
  5701 | D:5      | Reached skill level 1 in Earth Magic
  5702 | Temple   | Entered the Ecumenical Temple
  5707 | Temple   | Became a worshipper of Vehumet
  5823 | D:5      | Found a bloodstained altar of Trog.
  5883 | D:5      | Noticed Blork the orc
  5893 | D:5      | Killed Blork the orc
  6249 | D:6      | Reached skill level 8 in Spellcasting
  6446 | D:6      | Found a runed translucent door.
  6450 | D:6      | Noticed kd29's ghost (novice DrSh)
  6470 | D:6      | Found Dinadeabb's General Store.
  6472 | D:6      | Found Boxtat's Specific Store.
  6740 | D:6      | Noticed Sigmund
  7379 | D:7      | Reached XP level 9. HP: 57/57 MP: 21/21
  7472 | D:7      | Reached * piety under Vehumet
  7472 | D:7      | Offered knowledge of Sandblast by Vehumet.
  7745 | D:7      | Reached skill level 5 in Conjurations
  8000 | D:7      | Noticed Jeremiah
  8188 | D:7      | Found a burning altar of Makhleb.
  8788 | D:8      | Noticed Joseph
  8797 | D:8      | Reached skill level 9 in Spellcasting
  9072 | D:8      | Reached ** piety under Vehumet
  9076 | D:8      | Offered knowledge of Poisonous Vapours by Vehumet.
  9080 | D:8      | Learned a level 2 spell: Poisonous Vapours
  9083 | D:8      | Learned a level 2 spell: Searing Ray
  9438 | D:8      | Reached skill level 1 in Air Magic
  9438 | D:8      | Reached skill level 1 in Poison Magic
  9499 | D:8      | Reached skill level 5 in Earth Magic
  9705 | D:8      | Killed Joseph
  9706 | D:8      | Reached XP level 10. HP: 60/63 MP: 22/23
  9789 | D:8      | Noticed a white ugly thing
  9791 | D:8      | Noticed a gargoyle
  9792 | D:8      | Noticed a catoblepas
  9792 | D:8      | Noticed a deep elf pyromancer
  9794 | D:8      | Noticed a deep elf pyromancer
  9795 | D:8      | Noticed a skeletal warrior
  9795 | D:8      | Noticed a centaur warrior
  9795 | D:8      | Noticed a two-headed ogre
 10389 | D:9      | Found a staircase to the Lair.
 10824 | D:9      | Reached skill level 10 in Spellcasting
 10910 | D:9      | Found a hazy altar of Hepliaklqana.
 10911 | D:9      | Offered knowledge of Static Discharge by Vehumet.
 11057 | D:10     | Entered Level 10 of the Dungeon
 11144 | D:10     | Learned a level 5 spell: Irradiate
 11260 | D:10     | Found the +3 Elemental Staff {ele, rElec rF+ rC+ AC+3}
 11298 | D:10     | Noticed a centaur warrior
 11312 | D:10     | Killed a centaur warrior
 11410 | D:10     | Reached *** piety under Vehumet
 11419 | D:10     | Reached skill level 11 in Spellcasting
 12500 | D:11     | Offered knowledge of Hailstorm by Vehumet.
 12779 | D:11     | Reached skill level 12 in Spellcasting
 12779 | D:11     | Reached XP level 11. HP: 68/68 MP: 26/27
 12789 | D:11     | Reached **** piety under Vehumet
 13023 | D:11     | Noticed Snorg
 13030 | D:11     | Killed Snorg
 13031 | D:11     | Reached skill level 1 in Transmutations
 13175 | D:11     | Noticed Nergalle
 13182 | D:11     | Offered knowledge of Olgreb's Toxic Radiance by Vehumet.
 13183 | D:11     | Reached skill level 1 in Staves
 13190 | D:11     | Killed Nergalle
 13201 | D:11     | Learned a level 4 spell: Olgreb's Toxic Radiance
 13208 | D:11     | Learned a level 6 spell: Bombard
 13940 | D:11     | Noticed a skeletal warrior
 14049 | Lair:1   | Entered Level 1 of the Lair of Beasts
 14065 | Lair:1   | Reached skill level 13 in Spellcasting
 14655 | Lair:1   | Reached XP level 12. HP: 74/74 MP: 29/29
 14701 | Lair:1   | Reached skill level 5 in Transmutations
 15542 | Lair:2   | Noticed Amaemon
 15551 | Lair:2   | Reached ***** piety under Vehumet
 15551 | Lair:2   | Killed Amaemon
 15551 | Lair:2   | Offered knowledge of Spellforged Servitor by Vehumet.
 16139 | Lair:2   | Learned a level 2 spell: Blink
 16481 | Lair:2   | Noticed a death yak
 16483 | Lair:2   | Noticed a death yak
 16484 | Lair:2   | Noticed a death yak
 16485 | Lair:2   | Noticed a death yak
 16513 | Lair:2   | Killed a death yak
 16514 | Lair:2   | Reached skill level 1 in Translocations
 16796 | Lair:2   | Killed a death yak
 16797 | Lair:2   | Reached skill level 14 in Spellcasting
 17181 | Lair:2   | Killed a death yak
 17191 | Lair:2   | Killed a death yak
 17552 | Lair:3   | Reached skill level 5 in Staves
 17560 | Lair:3   | Gained mutation: You are strongly in touch with the powers
                  | of death. [Mummy growth]
 17560 | Lair:3   | Reached XP level 13. HP: 76/79 MP: 6/31
 17715 | Lair:3   | Found a staircase to the Shoals.
 17911 | Lair:3   | Found a runed translucent door.
 17913 | Lair:3   | Found the +16 obsidian axe {drain, demonic, Mesm Drain Fly
                  | SInv}
 17914 | Lair:3   | Noticed Loin Jupepn's ghost (journeyman OgGl)
 18523 | Lair:3   | Found a hole to the Spider Nest.
 19309 | Lair:4   | Offered knowledge of Conjure Ball Lightning by Vehumet.
 19317 | Lair:4   | Learned a level 6 spell: Conjure Ball Lightning
 19855 | Lair:4   | Identified a scroll of acquirement
 19949 | Lair:4   | Found a shadowy altar of Dithmenos.
 20253 | Lair:5   | Entered Level 5 of the Lair of Beasts
 20543 | Lair:5   | Reached skill level 15 in Spellcasting
 20862 | Lair:5   | Acquired 647 gold pieces
 21055 | D:5      | Bought a manual of Earth Magic for 1200 gold pieces
 21297 | Lair:5   | Reached skill level 16 in Spellcasting
 21654 | Lair:5   | Reached skill level 17 in Spellcasting
 22251 | Lair:5   | Reached XP level 14. HP: 61/85 MP: 6/35
 22433 | Lair:5   | Reached skill level 18 in Spellcasting
 23007 | Lair:5   | Reached skill level 19 in Spellcasting
 23262 | Lair:5   | Found a viscous altar of Jiyva.
 23263 | Lair:5   | Found a staircase to the Slime Pits.
 24226 | D:12     | Noticed Frances
 24232 | D:12     | Killed Frances
 24232 | D:12     | Offered knowledge of Starburst by Vehumet.
 24241 | D:12     | Learned a level 6 spell: Starburst
 24247 | D:12     | Learned a level 5 spell: Borgnjor's Vile Clutch
 24397 | D:12     | Found a frozen archway.
 24408 | D:12     | Reached skill level 1 in Fire Magic
 24515 | IceCv    | Entered an ice cave
 25218 | IceCv    | Noticed a reaper
 25228 | IceCv    | Killed a reaper
 25229 | IceCv    | Reached skill level 1 in Fighting
 25280 | IceCv    | Found the +8 frozen axe "Frostbite" {freeze, freezing
                  | cloud, *Noise Fly rC+}
 25440 | D:12     | Reached skill level 1 in Shields
 25561 | D:12     | Found a staircase to the Orcish Mines.
 25929 | D:12     | Offered knowledge of Yara's Violent Unravelling by Vehumet.
 26716 | Orc:1    | Entered Level 1 of the Orcish Mines
 26925 | Orc:1    | Noticed Fannar
 26928 | Orc:1    | Killed Fannar
 27320 | Orc:2    | Entered Level 2 of the Orcish Mines
 27320 | Orc:2    | Found a staircase to the Elven Halls.
 28128 | Orc:2    | Reached skill level 20 in Spellcasting
 28134 | Orc:2    | Learned a level 5 spell: Yara's Violent Unravelling
 28412 | Orc:2    | Reached XP level 15. HP: 40/98 MP: 6/39
 28812 | Orc:2    | Reached skill level 5 in Fire Magic
 29006 | Orc:2    | Reached ****** piety under Vehumet
 29114 | Orc:2    | Offered knowledge of Freezing Cloud by Vehumet.
 29179 | Orc:2    | Found Reono's Weapon Shop.
 29182 | Orc:2    | Found Dixzykh's Antique Weapon Shop.
 29183 | Orc:2    | Found Ysuyd's Assorted Antiques.
 29184 | Orc:2    | Found Karchej's Magic Scroll Boutique.
 29190 | Orc:2    | Bought a scroll of teleportation for 48 gold pieces
 29638 | Orc:2    | Bought a scroll of revelation for 120 gold pieces
 30002 | D:13     | Noticed Lodul
 30005 | D:13     | Killed Lodul
 30223 | D:13     | Reached skill level 5 in Fighting
 30419 | D:13     | Identified the +1 leather armour of Parlour Games {rC+}
 30436 | D:13     | Identified the +7 ring mail "Hadaclu" {Dex+4}
 30610 | D:13     | Noticed Josephine
 30613 | D:13     | Killed Josephine
 30905 | D:13     | Found a gate to the Vaults.
 31256 | D:14     | Noticed Nessos
 31261 | D:14     | Killed Nessos
 31346 | D:14     | Noticed Rupert
 31356 | D:14     | Killed Rupert
 31557 | D:14     | Found a radiant altar of Vehumet.
 32656 | D:15     | Entered Level 15 of the Dungeon
 32682 | D:15     | Offered knowledge of Arcjolt by Vehumet.
 32683 | D:15     | Reached skill level 10 in Earth Magic
 33641 | D:15     | Noticed a sphinx
 33644 | D:15     | Killed a sphinx
 33805 | D:15     | Found a staircase to the Depths.
 34163 | D:15     | Reached skill level 10 in Fighting
 34163 | D:15     | Reached skill level 5 in Shields
 34266 | D:15     | Reached XP level 16. HP: 96/123 MP: 8/40
 34513 | D:15     | Identified the ring "Cismeozi" {Fly rF- Will++ MP+9 Dex+6}
 34643 | D:15     | Identified the +9 shortbow "Moppypro" {drain, Fly rElec rN+
                  | Int+5 Dex-4}
 35013 | Spider:1 | Entered Level 1 of the Spider Nest
 35225 | Spider:1 | Noticed Mlioglotl
 35291 | Spider:1 | Killed Mlioglotl
 35611 | Spider:1 | Offered knowledge of Orb of Destruction by Vehumet.
 35672 | Shoals:1 | Entered Level 1 of the Shoals
 37121 | Shoals:1 | Noticed a kraken
 39484 | Shoals:3 | Noticed a kraken
 39536 | Shoals:3 | Offered knowledge of Fire Storm by Vehumet.
 39536 | Shoals:3 | Offered knowledge of Chain Lightning by Vehumet.
 39536 | Shoals:3 | Offered knowledge of Maxwell's Capacitive Coupling by
                  | Vehumet.
 39864 | D:5      | Bought an Everburning Encyclopedia for 540 gold pieces
 39864 | D:5      | Bought a manual of Evocations for 1200 gold pieces
 40037 | Shoals:3 | Noticed Ilsuiw
 40209 | Shoals:3 | Killed Ilsuiw
 40412 | Shoals:3 | Killed a kraken
 40413 | Shoals:3 | Reached XP level 17. HP: 135/136 MP: 17/41
 41243 | Shoals:4 | Entered Level 4 of the Shoals
 41446 | Shoals:3 | Noticed a kraken
 41454 | Shoals:3 | Killed a kraken
 42711 | Shoals:4 | Found Xeveeq's Antique Weapon Shop.
 42838 | Shoals:4 | Reached skill level 10 in Fire Magic
 43637 | Shoals:4 | Got a barnacled rune of Zot
 45273 | Spider:1 | Noticed Donald
 45288 | Spider:1 | Killed Donald
 46487 | Spider:1 | Reached XP level 18. HP: 143/143 MP: 25/42
 46969 | Spider:2 | Identified the serpent talisman "Isoadwic" {rPois Will+
                  | Dex+2}
 46969 | Spider:2 | Noticed Aizul
 47590 | Spider:2 | Killed Aizul
 47725 | Spider:2 | Noticed Arachne
 47733 | Spider:2 | Killed Arachne
 47734 | Spider:2 | Reached skill level 10 in Shields
 48745 | Spider:3 | Reached skill level 15 in Earth Magic
 49350 | Spider:4 | Entered Level 4 of the Spider Nest
 51979 | Spider:4 | Got a gossamer rune of Zot
 53094 | Elf:1    | Entered Level 1 of the Elven Halls
 53299 | Elf:1    | Noticed Zenata
 53712 | Elf:1    | Killed Zenata
 54151 | Elf:1    | Reached skill level 5 in Air Magic
 54272 | Elf:1    | Identified the +1 hand axe "Oniomn" {antimagic, rElec Int+2
                  | Dex+5}
 54323 | Elf:1    | Noticed Norris
 54556 | Orc:2    | Bought a scroll of revelation for 120 gold pieces
 54777 | Vaults:1 | Entered Level 1 of the Vaults
 54824 | Vaults:1 | Reached XP level 19. HP: 135/149 MP: 31/43
 55342 | Vaults:1 | Learned a level 8 spell: Ignition
 57167 | Vaults:1 | Found Zucrey's Distillery.
 59488 | Vaults:2 | Found a staircase to the Crypt.
 59488 | Vaults:2 | Found a basalt altar of Yredelemnul.
 59489 | Vaults:2 | Found an ancient bone altar of Kikubaaqudgha.
 60402 | Vaults:3 | Identified the +0 plate armour of Zyloeg {Regen+ Str+3
                  | Dex+2}
 60537 | Vaults:3 | Found Xubri's Armour Emporium.
 60588 | Vaults:3 | Found Gyekuubia's Antique Armour Shoppe.
 60731 | Vaults:3 | Bought a pair of runed gloves for 285 gold pieces
 60772 | Vaults:3 | Reached XP level 20. HP: 138/156 MP: 10/44
 62062 | Vaults:4 | Found a gateway to a bazaar.
 62071 | Bazaar   | Entered a bazaar
 62075 | Bazaar   | Found Odef's General Store.
 62097 | Bazaar   | Found Puph's General Store.
 62118 | Bazaar   | Found Leyraune's Weapon Boutique.
 62138 | Bazaar   | Found Jopa's Antique Weapon Shoppe.
 62509 | Vaults:4 | Identified the +4 robe of Gugiss {Str+2}
 62980 | Vaults:4 | Identified the amulet of Lyelumal {*Slow Will+ Regen+ Int-5
                  | Dex+6}
 64978 | Elf:1    | Killed Norris
 64979 | Elf:1    | Reached skill level 15 in Fire Magic
 65348 | Elf:1    | Got the Compendium of Battle Magic
 65408 | Elf:1    | You fall into a shaft and drop 1 floor!
 65412 | Elf:2    | Found Viecyehu's Book Shop.
 65432 | Elf:2    | Learned a level 6 spell: Plasma Beam
 65723 | Elf:1    | Found a bloodstained altar of Trog.
 65723 | Elf:1    | Noticed Heg Cuhi's ghost (adept MiFi)
 65730 | Elf:1    | Found a transporter.
 65736 | Elf:1    | Found a transporter.
 65751 | Elf:1    | Reached skill level 15 in Shields
 65759 | Elf:1    | Noticed Jorgrun
 65887 | Elf:1    | Killed Jorgrun
 65888 | Elf:1    | Reached skill level 1 in Evocations
 66036 | Elf:1    | Noticed Nikola
 66118 | Elf:1    | Killed Nikola
 66119 | Elf:1    | Reached skill level 1 in Armour
 66898 | Elf:2    | Found a runed translucent gate.
 66921 | Elf:2    | Found a runed translucent gate.
 66991 | Elf:2    | Found a runed translucent gate.
 67549 | Elf:3    | Entered Level 3 of the Elven Halls
 68047 | Elf:3    | Found Mujosiv's Distillery.
 68698 | Elf:3    | Reached skill level 5 in Evocations
 68940 | Elf:3    | Reached XP level 21. HP: 157/162 MP: 38/45
 68988 | Elf:3    | Identified the +5 hand axe of Miodat {flame, Drain rPois
                  | Int+3}
 68993 | Elf:3    | Identified the +9 falchion "Ugewyphuf" {heavy, rCorr Str+4
                  | Int-5}
 69471 | Elf:3    | Identified the +0 plate armour of Articulation {-Tele Str+2
                  | Dex+4}
 69474 | Elf:3    | Identified the +7 hand axe of Scuffed Guilt {antimagic,
                  | rF++ Str-3 Dex+3}
 69480 | Elf:3    | Identified the +5 war axe of Deformation {freeze, Int+4
                  | Dex+2}
 69484 | Elf:3    | Got the Parchment of Friendly Clouds
 69535 | Elf:3    | Got Sif Muna's Elucidation of the Anticline
 70068 | Slime:1  | Entered Level 1 of the Pits of Slime
 70074 | Slime:1  | Reached skill level 5 in Armour
 70075 | Slime:1  | Reached skill level 1 in Hexes
 70994 | Slime:5  | Entered Level 5 of the Pits of Slime
 71554 | Slime:5  | Noticed the Royal Jelly
 71556 | Slime:5  | Killed the Royal Jelly
 71557 | Slime:5  | Reached skill level 10 in Evocations
 72206 | Slime:5  | Identified the ring "Xacvinle" {Ice *Corrode rPois Str+3
                  | Int+3}
 72228 | Slime:5  | Identified the +9 short sword "Conservator" {drain, Int+6
                  | Dex-3}
 72233 | Slime:5  | Identified the +5 scale mail of Eppa {Will+ Dex+3}
 72324 | Slime:5  | Got the Volume of the Guilds
 72325 | Slime:5  | Identified the +7 shortbow "Oqop" {speed, rPois}
 72342 | Slime:5  | Identified the ring of Zull {Fly rPois Str-3 Int+6}
 72361 | Slime:5  | Got a slimy rune of Zot
 72760 | Depths:1 | Entered Level 1 of the Depths
 72859 | Depths:1 | Found a transporter.
 72888 | Depths:1 | Found a transporter.
 72893 | Depths:1 | Found a transporter.
 73045 | Depths:1 | Found a transporter.
 73104 | Depths:1 | Found a one-way gate to the infinite horrors of the Abyss.
 74614 | Depths:1 | Reached XP level 22. HP: 169/169 MP: 23/46
 74800 | Depths:1 | Found a gateway to Hell.
 75127 | Depths:2 | Found Plog's Elemental Accessories.
 75143 | Depths:2 | Bought the Octavo of the Quake for 320 gold pieces
 75153 | Depths:2 | Learned a level 2 spell: Passwall
 75187 | Depths:2 | Noticed Mara
 75296 | Depths:2 | Noticed a caustic shrike
 75296 | Depths:2 | Identified the staff "Huthofro" {Contam rElec rN+ Dex+3
                  | Necro}
 75298 | Depths:2 | Killed a caustic shrike
 75367 | Depths:2 | Noticed a caustic shrike
 75377 | Depths:1 | Killed a caustic shrike
 75571 | Depths:2 | Noticed backslashecho's illusion
 75572 | Depths:2 | Killed Mara
 75681 | Depths:2 | Noticed a caustic shrike
 75681 | Depths:2 | Noticed a caustic shrike
 75685 | Depths:2 | Killed a caustic shrike
 75694 | Depths:1 | Killed a caustic shrike
 76385 | Depths:2 | Reached skill level 10 in Staves
 76583 | Depths:2 | Identified the +1 halberd of Red Wine {drain, rN+ Str+3
                  | Int+2 Dex-4}
 76797 | Depths:2 | Found a one-way gate leading to the halls of Pandemonium.
 76957 | Depths:3 | Found a flickering gateway to a bazaar.
 76970 | Bazaar   | Entered a bazaar
 76973 | Bazaar   | Found Irchejuosh's Antique Armour Shoppe.
 76993 | Bazaar   | Found Afamis's Jewellery Emporium.
 76998 | Bazaar   | Found Roemmume's Book Boutique.
 77005 | Bazaar   | Found Kuvaorue's Antique Armour Boutique.
 77027 | Bazaar   | Bought a pair of twisted boots for 247 gold pieces
 77027 | Bazaar   | Identified the +1 pair of boots "Bipuipsa" {rPois rF+} (You
                  | bought it in a shop in a bazaar)
 77064 | Bazaar   | Bought a pair of embroidered boots for 180 gold pieces
 77122 | Depths:3 | Noticed a golden dragon
 77298 | Depths:3 | Killed a golden dragon
 77783 | Depths:3 | Found a one-way gateway to a ziggurat.
 78112 | Depths:3 | Noticed a juggernaut
 78116 | Depths:3 | Killed a juggernaut
 78545 | Depths:3 | Noticed a golden dragon
 78679 | Depths:3 | Killed a golden dragon
 78751 | Depths:3 | Identified the +5 trident of Wounding {flame, Stlth+}
 78841 | Depths:3 | Found the +3 crown of Dyrovepreva {rElec Int+2 SInv}
 78861 | Depths:3 | Identified the +2 dagger "Kits" {speed, +Blink Will+ SInv
                  | Stlth+}
 78962 | Depths:4 | Entered Level 4 of the Depths
 79102 | Depths:4 | Reached XP level 23. HP: 175/175 MP: 30/47
 79268 | Depths:4 | Learned a level 4 spell: Iskenderun's Mystic Blast
 79568 | Depths:4 | Noticed Grunn
 79571 | Depths:4 | Killed Grunn
 80322 | Depths:4 | Found a gate to the Realm of Zot.
 80504 | Zot:1    | Entered Level 1 of the Realm of Zot
 80602 | Zot:1    | Noticed a curse toe
 80606 | Zot:1    | Killed a curse toe
 81082 | Zot:1    | Noticed an orb of fire
 81093 | Zot:1    | Killed an orb of fire
 81918 | Zot:2    | Noticed a curse toe
 81928 | Zot:2    | Killed a curse toe
 82502 | Zot:3    | Noticed Parghit
 82544 | Zot:3    | Killed Parghit
 82708 | Zot:3    | Noticed a Killer Klown
 82718 | Zot:3    | Noticed a Killer Klown
 82728 | Zot:3    | Killed a Killer Klown
 82729 | Zot:3    | Reached skill level 10 in Armour
 82729 | Zot:3    | Reached skill level 5 in Translocations
 82752 | Zot:3    | Killed a Killer Klown
 83870 | Zot:5    | Entered Level 5 of the Realm of Zot
 84229 | Zot:5    | Reached XP level 24. HP: 169/182 MP: 47/47
 85251 | Zot:5    | Noticed a Killer Klown
 85255 | Zot:5    | Killed a Killer Klown
 85499 | Zot:5    | Noticed an orb of fire
 85513 | Zot:5    | Killed an orb of fire
 85785 | Zot:5    | Noticed an orb of fire
 85792 | Zot:5    | Killed an orb of fire
 86232 | Zot:5    | Noticed an orb of fire
 86246 | Zot:5    | Killed an orb of fire
 86346 | Zot:5    | Noticed a Killer Klown
 86358 | Zot:5    | Killed a Killer Klown
 86478 | Zot:5    | Noticed a Killer Klown
 86483 | Zot:5    | Killed a Killer Klown
 86490 | Zot:5    | Noticed a Killer Klown
 86498 | Zot:5    | Killed a Killer Klown
 86813 | Zot:5    | Got the Orb of Zot
 87413 | D:$      | Escaped with the Orb!

Illustrated notes

Levels and vault maps discovered:
D:1:      onia_arrival_handbag, layout_loops_corners,
          chequers_serial_rivers_small_a
D:2:      layout_rooms, ebering_ecumenical_altar_webs, basic_altar, uniq_robin
D:3:      layout_basic, fedhas_altar_2
D:4:      layout_basic, kennysheep_slug_shrine, minitemple
D:5:      layout_rooms, lightli_temple_of_fire, mainiacjoe_overflow_alcove_1,
          minmay_temple_entry_statues, serial_shops, kennysheep_mini, shop,
          shop_coins, eino_tiny_chamber, dk_noncrumbling_3,
          nicolae_alphabet_shops, grunt_decor_mini_mirrors, roderic_lattice_a,
          uniq_edmund, uniq_blork_the_orc
D:6:      layout_loops_ring, ebering_ghost_sewer_d, nicolae_specific_store,
          uniq_sigmund
D:7:      layout_loops_ring, makhleb_blood_cavern_becter,
          eino_small_chamber_without_monster, uniq_crazy_yiuf_cottage,
          uniq_jeremiah
D:8:      layout_basic, grunt_ministairs_9, minivault_12, uniq_joseph
D:9:      layout_roguey, nzn_hepliaklqana_mist_gate, lair_entry_dummy
D:10:     layout_stronghold
D:11:     nicolae_hexawheel, layout_gridville, special_room [special_room_orc],
          uniq_nergalle, uniq_snorg
D:12:     layout_stronghold, david_orc_4,
          portal_ice_cave_entry_animals_and_master, hex_large, uniq_frances
D:13:     layout_big_octagon, david_vaults_4, uniq_lodul, uniq_josephine
D:14:     layout_stronghold, corexii_hall_statues_i, minmay_misc_feat_alley,
          vehumet_statue, uniq_nessos, uniq_rupert
D:15:     hellmonk_depths_entry_around_the_bend, layout_loops_ring,
          minmay_misc_feat_five, hangedman_aviary
Temple:   zaba_magenta_temple
Lair:1:   layout_concentric_octagons, infiniplex_staircase_pool,
          grunt_megastairs_2
Lair:2:   layout_regular_city, uniq_amaemon
Lair:3:   layout_regular_city, minmay_shoals_entry_centaurs,
          spider_nest_entry_rubble, ebering_ghost_inner_flame,
          serial_bayou_shore_a, lemuel_fruit_fields
Lair:4:   layout_cave_pods, basic_altar
Lair:5:   evil_forest, layout_gridlike, slime_entry_2, special_room
          [special_room_mythical_zoo]
Shoals:1: layout_shoals
Shoals:2: layout_shoals, nicolae_shoals_sun_and_surf
Shoals:3: layout_shoals, nicolae_splish_splash, uniq_ilsuiw
Shoals:4: shoals_end_simple, layout_shoals, shoal_ilsuiw, serial_shops, shop
Spider:1: layout_spider_delve, uniq_donald, uniq_mlioglotl
Spider:2: layout_spider_delve, uniq_arachne, uniq_aizul
Spider:3: layout_cave_pods
Spider:4: grunt_spider_rune_island
Slime:1:  layout_caves
Slime:2:  layout_caves
Slime:3:  layout_caves
Slime:4:  layout_caves
Slime:5:  slime_pit_nicolae_trefoil
Orc:1:    layout_caves, uniq_fannar
Orc:2:    st_orc_pillars, layout_caves, mines3_lemuel
Elf:1:    elf_arrival_001, layout_geoelf_octagon,
          gammafunk_ghost_wrathful_warriors, minmay_elf_annihilation,
          uniq_nikola, uniq_norris, uniq_jorgrun, uniq_zenata
Elf:2:    elven_hall_of_blades_hangedman_original
          [nicolae_blade_entry_antechamber], layout_geoelf_octagon,
          serial_shops, shop
Elf:3:    elf_hall, layout_gridlike, serial_shops, nicolae_diamond_shop,
          grunt_megastairs_1
Vaults:1: nicolae_vaults_sealed_display, nicolae_vaults_layer_cake_slice,
          v_alt_pattern_5, nicolae_vaults_alarming, nicolae_vaults_apartment_1,
          dpeg_vaults_monster_box, nicolae_vaults_trapezoid_lopsided_1,
          nicolae_vaults_frosty_reception, nicolae_vaults_ellipses_ellipsis,
          ontoclasm_vaults_tryst, layout_vaults_maze_snakey, serial_shops, shop
Vaults:2: grunt_vaults_diagonal, nicolae_vaults_tangram_2,
          nicolae_vaults_more_shelving_2, v_misc_19,
          nicolae_vaults_storage_closets_1, vaults_dpeg_emergency_exit,
          nicolae_vaults_sesquioval_fish, nicolae_vaults_mini_display_case,
          nicolae_vaults_tetromino_Z_1, layout_vaults_omnigrid,
          minmay_crypt_entry_necro_gods
Vaults:3: ontoclasm_vaults_pinch, hangedman_vaults_impose,
          nicolae_vaults_door_testing_chamber,
          nicolae_vaults_taking_the_gang_shopping,
          vaults_room_hangedman_quadrants, nicolae_vaults_trapezoid_2,
          nicolae_vaults_tetromino_Z_1, nicolae_vaults_little_squares_1,
          layout_vaults_big_room, serial_shops, nicolae_shop_getting_attention,
          serial_glass
Vaults:4: nicolae_vaults_spaceships, nicolae_vaults_little_squares_6,
          nicolae_vaults_storage_closets_3, nicolae_vaults_network_quincunx
          [nicolae_vaults_network_quincunx_subvault,
          nicolae_vaults_network_quincunx_subvault,
          nicolae_vaults_network_quincunx_subvault,
          nicolae_vaults_network_quincunx_subvault,
          nicolae_vaults_network_quincunx_subvault],
          nicolae_vaults_closet_pinwheel_3, nicolae_vaults_network_periphery,
          vaults_dpeg_spiral, nicolae_vaults_closet_pinwheel_2,
          hangedman_vaults_stretched_pinwheel, nicolae_vaults_little_squares_6,
          nicolae_vaults_little_squares_3, nicolae_vaults_diamond_1,
          layout_vaults_big_cross, serial_shops, bzr_entry_customers
Depths:1: layout_roguey, pf_coc_iceberg, abyss_entry, columned_hall_lemuel,
          ebering_dispersal_statue_hall, nicolae_transporter_intersection
Depths:2: grunt_x_marks_the_spot, layout_basic, grunt_pan_entry_sceptre,
          chequers_serial_rivers_micro_a, hell_entry,
          amcnicky_mini_rare_corridor_liquid, nicolae_elemental_shop, drop_trap,
          uniq_mara, uniq_josephina
Depths:3: kennysheep_four_of_diamonds, layout_long_grid, enter_ziggurat_a,
          serial_shops, bzr_in_the_mist, hell_entry,
          infiniplex_staircase_hallway_doors, abyss_entry,
          hangedman_decor_peaks_small, kennysheep_nondecorative_pillar
Depths:4: grunt_zot_entry_tricorne, layout_cave_pools, grunt_mini_vestibule,
          rand_demon_pan_entry_8, uniq_grunn
Zot:1:    layout_twisted_circle, grunt_ministairs_8, zot_minivault_5
Zot:2:    layout_twisted_circle, gammafunk_ghost_abyssal_escape,
          hangedman_zot_wheel_spokes, lemuel_lake_of_fire
Zot:3:    grunt_zot_stairs_faceoff, layout_basic,
          regret_index_zotdec_stipple_waver, uniq_parghit
Zot:4:    layout_twisted_circle
Zot:5:    layout_gridlike

Skill      XL: |  1  2  3  4  5  6  7  8  9 10 11 12 13 14 15 16 17 18 19 20 21 22 23 24 |
---------------+-------------------------------------------------------------------------+-----
Spellcasting   | 3 4 5 7 8 9 12 13 14 17 20 | 20.0
Short Blades   | 1 2 |  2.0
Necromancy     | 5 6 7 8 |  8.0
Conjurations   | 1 2 3 4 5 6 8 9 |  9.1
Earth Magic    | 2 5 7 9 10 12 14 15 | 15.0
Air Magic      | 2 3 5 |  5.5
Poison Magic   | 2 3 |  3.0
Transmutations | 4 5 |  5.0
Staves         | 3 5 7 11 12 | 12.0
Translocations | 2 5 |  5.0
Fire Magic     | 4 6 8 11 12 14 15 17 18 | 18.0
Fighting       | 3 10 13 | 13.0
Shields        | 2 5 7 9 11 13 15 | 15.0
Evocations     | 5 11 12 13 | 13.7
Armour         | 3 5 6 11 14 | 14.7
Hexes          | 2 |  2.0
Dodging        | |  1.5
Stealth        | |  1.5

Action                     |  1- 3 |  4- 6 |  7- 9 | 10-12 | 13-15 | 16-18 | 19-21 | 22-24 || total
---------------------------+-------+-------+-------+-------+-------+-------+-------+-------++-------
  Melee: Short sword       |    22 |    69 |       |       |       |     1 |       |       ||    92
         Dagger            |       |       |    98 |       |       |       |       |       ||    98
         Staff             |       |       |     3 |    57 |    99 |    15 |    38 |    55 ||   267
         Punch             |       |       |       |     2 |     2 |       |       |       ||     4
  Throw: Dart              |       |       |    22 |     2 |     6 |       |       |       ||    30
   Cast: Necrotise         |    63 |   123 |   129 |     6 |       |       |       |       ||   321
         Vampiric Draining |       |     8 |    34 |    21 |     2 |       |       |       ||    65
         Stone Arrow       |       |       |    67 |   237 |   385 |   397 |   292 |    85 ||  1463
         Poisonous Vapours |       |       |     1 |    21 |     7 |     5 |     1 |     1 ||    36
         Searing Ray       |       |       |       |     7 |     3 |       |       |       ||    10
         Irradiate         |       |       |       |     9 |    10 |    28 |    18 |    26 ||    91
         Olgreb's Toxic Ra |       |       |       |    22 |    85 |    16 |    18 |     2 ||   143
         Bombard           |       |       |       |     5 |    72 |   123 |   174 |   190 ||   564
         Conjure Ball Ligh |       |       |       |       |    26 |     4 |     1 |       ||    31
         Starburst         |       |       |       |       |    49 |   208 |   112 |    11 ||   380
         Borgnjor's Vile C |       |       |       |       |    34 |   115 |    66 |    63 ||   278
         Yara's Violent Un |       |       |       |       |       |     7 |     7 |     6 ||    20
         Blink             |       |       |       |       |       |     1 |       |     1 ||     2
         Plasma Beam       |       |       |       |       |       |       |   115 |   327 ||   442
         Ignition          |       |       |       |       |       |       |    24 |    13 ||    37
         Passwall          |       |       |       |       |       |       |       |    11 ||    11
  Evoke: Wand              |       |       |       |       |     5 |    10 |     3 |     6 ||    24
         Phantom mirror    |       |       |       |       |       |     1 |     1 |       ||     2
         Tin of tremorston |       |       |       |       |       |       |     2 |       ||     2
    Use: Scroll            |       |       |    11 |     6 |     4 |    12 |    11 |    23 ||    67
   Stab: Distracted        |       |       |     1 |       |       |       |       |       ||     1
 Armour: Robe              |    20 |     7 |       |       |       |       |       |       ||    27
         Leather armour    |       |    59 |   139 |   182 |   310 |   517 |   337 |    88 ||  1632
         Fire dragon scale |       |       |       |       |       |       |       |   172 ||   172
  Dodge: Dodged            |    26 |    59 |   100 |   115 |   160 |   159 |    82 |    46 ||   747
  Block: Buckler           |       |       |       |       |    26 |    44 |       |       ||    70
         Kite shield       |       |       |       |       |       |    93 |   194 |   127 ||   414
         Reflection        |       |       |       |       |       |     4 |    42 |     7 ||    53

Table legend: (Time is in decaauts)
 A = Elapsed time spent in this place.
 B = Non-inter-level travel time spent in this place.
 C = Inter-level travel time spent in this place.
 D = Time resting spent in this place.
 E = Time spent auto-exploring this place.
 F = Levels seen in this place.
 G = Mean time per level.
                   A        B        C        D        E       F      G
               +--------+--------+--------+--------+--------+-----+--------+
         Total |  87620 |  77906 |   9714 |  25546 |  37581 |  55 | 1593.1 |
       Dungeon |  23496 |  19538 |   3958 |   3698 |  12040 |  15 | 1566.4 |
        Temple |     52 |     52 |      0 |     43 |      0 |   1 |   52.0 |
          Lair |  11468 |   9674 |   1794 |   3221 |   5033 |   5 | 2293.6 |
        Shoals |   8127 |   7756 |    371 |   2547 |   3687 |   4 | 2031.8 |
   Spider Nest |   8216 |   7557 |    659 |   3521 |   2760 |   4 | 2054.0 |
    Slime Pits |   2241 |   2186 |     55 |   1565 |     26 |   5 |  448.2 |
  Orcish Mines |   4240 |   3458 |    782 |   1308 |   1712 |   2 | 2120.0 |
   Elven Halls |   5511 |   5153 |    358 |   1916 |   2087 |   3 | 1837.0 |
        Vaults |  10180 |   9449 |    731 |   2689 |   5361 |   4 | 2545.0 |
        Depths |   6560 |   5818 |    742 |   1881 |   2575 |   4 | 1640.0 |
           Zot |   6407 |   6148 |    259 |   2594 |   2123 |   5 | 1281.4 |
        Bazaar |    233 |    233 |      0 |      0 |    129 |   2 |  116.5 |
      Ice Cave |    882 |    882 |      0 |    562 |     47 |   1 |  882.0 |
               +--------+--------+--------+--------+--------+-----+--------+

Top non-repeatable levels by time:
Vaults:1: 3339 daAuts
   Orc:2: 3194 daAuts
   Zot:5: 2841 daAuts
  Lair:4: 2784 daAuts
Vaults:4: 2743 daAuts
Spider:1: 2722 daAuts
Shoals:4: 2567 daAuts
    D:12: 2527 daAuts
  Lair:3: 2374 daAuts
  Lair:5: 2269 daAuts
    D:15: 2208 daAuts
Spider:4: 2199 daAuts
Vaults:2: 2179 daAuts
Shoals:3: 2166 daAuts
  Lair:2: 2087 daAuts
